 Dungeon Crawl Stone Soup version 0.17.1-1-g73c8601 (webtiles) character file.

3 Implojin the Chopper (level 1, 0/28 HPs)
             Began as a Minotaur Berserker on Apr 9, 2016.
             Was a Follower of Trog.
             Killed from afar by elicash's ghost (5 damage)
             ... with a magic dart
             ... on level 3 of the Dungeon.
             The game lasted 00:00:55 (182 turns).

Implojin the Chopper (Minotaur Berserker)            Turns: 182, Time: 00:00:55

Health: 0/28       AC:  2    Str: 26    XL:     1   Next: 41%
Magic:  0/0        EV: 12    Int:  4    God:    Trog [*.....]
Gold:   22         SH:  0    Dex:  9    Spells: 0 memorised, 0 levels left

rFire  . . .     SeeInvis .     a - +0 hand axe
rCold  . . .     Clarity  .     b - +0 animal skin
rNeg   . . .     SustAt   .     (no shield)
rPois  .         Gourm    .     (helmet restricted)
rElec  .         Spirit   .     (no cloak)
rCorr  .         Warding  .     (no gloves)
rMut   .         Stasis   .     (no boots)
MR     .....                    (no amulet)
Stlth  ..........               (no ring)
                                (no ring)

@: berserking, very quick, not resistant to hostile enchantments, extremely
unstealthy
A: retaliatory headbutt, horns 2
a: Berserk, Burn Spellbooks, Renounce Religion


You were on level 3 of the Dungeon.
You worshipped Trog.
Trog was aware of your devotion.
You were not hungry.

You visited 1 branch of the dungeon, and saw 3 of its levels.

You collected 22 gold pieces.

Inventory:

Hand Weapons
 a - a +0 hand axe (weapon)
Missiles
 e - 25 stones (quivered)
Armour
 b - a +0 animal skin (worn)
Scrolls
 g - a scroll of fog {unknown}
 h - a scroll of recharging {unknown}
 i - a scroll of blinking {unknown}
 j - a scroll of identify {unknown}
Comestibles
 c - 2 bread rations
 d - 2 meat rations
 f - 2 fruits


   Skills:
 - Level 3.6 Fighting
 * Level 3.9 Axes
 - Level 2.4 Armour
 - Level 2.1 Dodging


You couldn't memorise any spells.
You didn't know any spells.

Dungeon Overview and Level Annotations

Branches:
Dungeon (3/15)

Altars:

Annotations:
D:3 exclusion: upstairs, elicash's ghost, amateur DECj


Innate Abilities, Weirdness & Mutations

You reflexively headbutt those who attack you in melee.
You have a pair of horns on your head.


Message History

The bat misses you.
j - a scroll labeled VEG HASOQIU
There are no items here.
Found a stone staircase leading up.
There is a stone staircase leading up here.
You climb upwards.
There is a stone staircase leading down here.
HP restored.
You climb downwards.
There is a stone staircase leading up here.
Found a dagger.
Elicash's ghost (amateur Deep Elf Conjurer) comes into view.
Elicash's ghost turns its malevolent gaze towards you.
Elicash's ghost moves out of view.
Found 8 gold pieces.
Found a cloak.
You completely miss elicash's ghost.
Elicash's ghost gestures at you while chanting.
The magic dart hits you!
You hit elicash's ghost.
Elicash's ghost is moderately damaged.
Elicash's ghost gestures at you while chanting.
The magic dart hits you!
* * * LOW HITPOINT WARNING * * *
A red film seems to cover your vision as you go berserk!
You feel yourself moving faster!
You feel mighty!
You feel somewhat more hungry. Elicash's ghost hits you.
* * * LOW HITPOINT WARNING * * *
Unknown command.
You slash elicash's ghost!
Elicash's ghost is severely damaged.
Elicash's ghost casts a spell at you. The magic dart hits you!
* * * LOW HITPOINT WARNING * * *
You hit elicash's ghost but do no damage.
Your headbutt misses elicash's ghost.
Elicash's ghost is severely damaged.
Elicash's ghost gestures at you while chanting.
The magic dart hits you!
You die...

##.####.## ###. #..#
#..###... ##.##
##....... #..# ####....
###.## #######b#.. #...#
#..........
#######...####..........
...$........<........#..
.######@..####...[...#..
......W.)..........$...#
....[..#######........##
.###.#. #........# ...#.
##$.####.# ### ## ..##
.# ..## .# #.


You could see elicash's ghost.

Vanquished Creatures
  A hobgoblin (D:2)
  2 giant newts
  A rat (D:1)
4 creatures vanquished.

Notes
Turn   | Place    | Note
--------------------------------------------------------------
     0 | D:1      | Implojin the Minotaur Berserker began the quest for the Orb.
     0 | D:1      | Reached XP level 1. HP: 19/19 MP: 0/0
   175 | D:3      | Noticed elicash's ghost (amateur DECj)
   182 | D:3      | Killed from afar by elicash's ghost

Action                   || total
-------------------------++-------
Melee: Hand axe          ||     8
Invok: Berserk           ||     1

Table legend:
 A = Turns spent in this place as a percentage of turns spent in the entire game.
 B = Non-inter-level travel turns spent in this place as a percentage of non-inter-level travel turns spent in the entire game.
 C = Inter-level travel turns spent in this place as a percentage of turns spent in this place.
 D = Turns resting spent in this place as a percentage of non-inter-level travel turns spent in this place.
 E = Turns spent auto-exploring this place as a percentage of non-inter-level travel turns spent in this place.
 F = Non-inter-level travel turns spent in this place divided by the number of levels of this place that you've seen.
                   A       B       C       D       E      F
               +-------+-------+-------+-------+-------+----------------------
         Total | 100.0 | 100.0 |   0.0 |   0.0 |   0.0 |  58.0
       Dungeon | 100.0 | 100.0 |   0.0 |   0.0 |   0.0 |  58.0
               +-------+-------+-------+-------+-------+----------------------

Table legend:
 A = Kills in this place as a percentage of kills in entire the game.
 B = Kills by you in this place as a percentage of kills by you in the entire game.
 C = Kills by friends in this place as a percentage of kills by friends in the entire game.
 D = Other kills in this place as a percentage of other kills in the entire game.
 E = Experience gained in this place as a percentage of experience gained in the entire game.
 F = Experience gained in this place divided by the number of levels of this place that you have seen.
                   A       B       C       D       E      F
               +-------+-------+-------+-------+-------+----------------------
         Total | 100.0 | 100.0 |  -nan |  -nan | 100.0 |   1.7
       Dungeon | 100.0 | 100.0 |  -nan |  -nan | 100.0 |   1.7
               +-------+-------+-------+-------+-------+----------------------
